 Dungeon Crawl Stone Soup version 0.25.1-2-g60ff931df9 (webtiles) character file.

Game seed: 3792928718495994042

8241 Chimkentus the Covert (level 11, -10/75 HPs)
             Began as an Octopode Assassin on Aug 9, 2020.
             Was a High Priest of Ru.
             Mangled by a spiny frog (26 damage)
             ... on level 3 of the Lair of Beasts.
             The game lasted 01:35:08 (13568 turns).

Chimkentus the Covert (Octopode Assassin)          Turns: 13568, Time: 01:35:08

Health: -10/75     AC:  8    Str: 14    XL:     11   Next: 27%
Magic:  10/10      EV: 11    Int: 14    God:    Ru [*****.]
Gold:   138        SH: 17    Dex: 13    Spells: 2/10 levels left

rFire    . . .     SeeInvis +   T - +5 spear of Calamity {vorpal, rElec}
rCold    + . .     Gourm    .   K - +3 tower shield {AC+3}
rNeg     + . .     Faith    .   (helmet restricted)
rPois    .         Spirit   .   (no amulet)
rElec    +         Reflect  .   j - ring of positive energy
rCorr    .         Harm     .   w - +4 ring of protection
MR       .....                  i - ring of protection from cold
Stlth    +++++.....             u - ring of see invisible
HPRegen  0.22/turn              (no ring)
MPRegen  0.12/turn              (no ring)
                                (no ring)
                                (no ring)

@: silence (expiring), marked, no potions, very slightly contaminated
A: almost no armour, stealthy swim, amphibious, 8 rings, constrict 8, camouflage
1, low mp 1, screaming 1, gelatinous body 1, inability to drink while
threatened, hated by all, inexperienced 1
a: Renounce Religion


You were on level 3 of the Lair of Beasts.
You worshipped Ru.
Ru was extremely pleased with you.
You were hungry.

You visited 3 branches of the dungeon, and saw 13 of its levels.

You collected 682 gold pieces.
You spent 544 gold pieces at shops.

Inventory:

Hand Weapons
 a - a +2 dagger
 b - a +0 short sword
 q - the +0 war axe "Oqibal" {vorpal, rElec rF+}
   (You bought it in a shop on level 9 of the Dungeon)

   It inflicts extra damage upon your enemies.
   It protects you from fire.
   It insulates you from electricity.
 r - a +4 hunting sling of freezing
 B - a +0 dagger of draining
 C - a +0 trident
 F - a +0 scimitar
 H - a +0 dagger of speed
 M - a +0 morningstar
 T - the +5 spear of Calamity (weapon) {vorpal, rElec}
   (You found it on level 9 of the Dungeon)

   It inflicts extra damage upon your enemies.
   It insulates you from electricity.
 V - a +0 whip of pain
 W - a +0 whip of freezing
Missiles
 c - 9 boomerangs (quivered)
 k - 154 arrows
 l - 222 stones
 D - 107 sling bullets
 E - 3 boomerangs of dispersal
 J - 41 bolts
 U - 4 poisoned darts
Armour
 K - a +3 tower shield of protection (worn)
Jewellery
 i - a ring of protection from cold (on tentacle)
 j - a ring of positive energy (left tentacle)
 u - a ring of see invisible (on tentacle)
 w - a +4 ring of protection (right tentacle)
Wands
 p - a wand of disintegration (14)
 t - a wand of digging (11)
 z - a wand of paralysis (13)
 S - a wand of polymorph (8)
Scrolls
 n - a scroll of random uselessness
 o - a scroll of noise
 y - 3 scrolls of remove curse
 A - a scroll of teleportation
 O - a scroll of fear {unknown}
 P - a scroll of enchant weapon {unknown}
 Q - a scroll of holy word {unknown}
 R - a scroll of immolation
 X - a scroll of torment {unknown}
Potions
 e - a potion of flight
 f - 4 potions of heal wounds
 h - 2 potions of haste
 m - 2 potions of ambrosia
 s - a potion of stabbing
 v - a potion of cancellation
 G - 3 potions of lignification
 I - 2 potions of curing
 N - a potion of mutation {unknown}
Miscellaneous
 Z - a lightning rod (4/4)
Comestibles
 d - 19 rations


   Skills:
 * Level 7.6 Fighting
 + Level 4.3(5.1) Short Blades
 + Level 4.1(5.0) Long Blades
 + Level 0.9(1.6) Axes
 + Level 2.1(2.2) Polearms
 + Level 6.9(7.8) Slings
 + Level 5.2(6.9) Throwing
 + Level 3.6 Dodging
 + Level 10.0 Stealth
 * Level 7.0 Shields
 + Level 0.2 Spellcasting
 + Level 0.3 Charms
 + Level 0.2 Translocations
 * Level 3.3 Transmutations
 * Level 3.5 Earth Magic
 + Level 0.8 Evocations


You had 2 spell levels left.
You knew the following spells:

 Your Spells              Type           Power        Failure   Level  Hunger
a - Petrify               Tmut/Erth      #.......     100%        4    #####..
b - Apportation           Tloc           #.....       95%         1    ##.....
c - Infusion              Chrm           #...         95%         1    ##.....
d - Shroud of Golubria    Chrm/Tloc      #.....       99%         2    ###....

Your spell library contained the following spells:

 Spells                   Type           Power        Failure   Level  Hunger
 Corona                   Hex            #......      96%         1    ##.....
 Song of Slaying          Chrm           #.......     98%         2    ###....
 Confusing Touch          Hex            #.......     100%        3    ####...
 Gell's Gravitas          Tloc           #.........   100%        3    ####...
 Ozocubu's Armour         Chrm/Ice       #.......     100%        3    ####...
 Spectral Weapon          Hex/Chrm       #.......     100%        3    ####...
 Metabolic Englaciation   Hex/Ice        #.........   100%        5    ######.
 Yara's Violent Unravell  Hex/Tmut       #.........   100%        5    ######.
 Animate Skeleton         Necr           Unusable     N/A         1    N/A
 Summon Small Mammal      Summ           Unusable     N/A         1    N/A

Dungeon Overview and Level Annotations

Branches:
Dungeon (9/15)             Temple (1/1) D:4            Lair (3/6) D:9
  Swamp: Lair:2-4    Shoals: Lair:2-4     Snake: Lair:2-4    Spider: Lair:2-4
    Orc: D:9-12

Altars:
Ashenzari
Cheibriados
Dithmenos
Elyvilon
Fedhas
Gozag
Hepliaklqana
Kikubaaqudgha
Makhleb
Nemelex Xobeh
Okawaru
Qazlal
Ru
Sif Muna
Trog
Uskayaw
Vehumet
Wu Jian
Xom
Yredelemnul
Zin
The Shining One

Shops:
D:9 :((*[

Annotations:
Lair:1 2 transporters, Exodag's ghost, journeyman MiBe
Lair:3 Rupert


Innate Abilities, Weirdness & Mutations

You cannot wear most types of armour.
You are very stealthy in the water. (Stealth+)
You are amphibious.
You can wear up to eight rings at the same time.
You can use your tentacles to constrict eight enemies at once.
Your skin changes colour to match your surroundings (Stealth+).
Your magical capacity is low. (-10% MP)
You occasionally shout uncontrollably at your foes.
Your rubbery body absorbs attacks. (AC +1, EV +1)
You cannot drink potions while threatened.
You are hated by all.
You are somewhat inexperienced. (-2 XL)


Message History

The blink frog blinks!
A river rat comes into view.
The water moccasin barely misses you.
Okay, then.
A river rat comes into view.
A black mamba comes into view.
The spiny frog stings you!!
* * * LOW HITPOINT WARNING * * *
You focus your will and blind the spiny frog in retribution!
A river rat comes into view.
The spiny frog is stunned by your will and fails to attack.
You block the spiny frog's attack. The water moccasin misses you.
The blink frog begins to attack, but is stunned by your will!
Okay, then.
Okay, then.
You cannot drink potions in your current state!
Unknown command.
The jumping spider leaps!
A hell rat comes into view.
The spiny frog stings you!!
You die...

...................
...........<........(
...........§.........
....r...r.S≈≈.......(
..rS..rF≈@≈≈≈≈.......
r...rPr≈≈≈≈≈≈≈≈...P#
..r..rr≈≈≈≈≈r.....###
.....Pr≈rF≈≈≈........
...#..@FS≈S.>...#..
.....r.≈≈≈≈≈F........
....##s≈≈≈≈≈≈(...#P#.
... #+.≈≈≈≈.(...# #
.. .r.r○≈.P(.....
........(......
.....?..(.......
.....>..........


You could see Rupert, 2 black mambas, 2 spiny frogs, a blink frog, a jumping
spider, 2 water moccasins, a bullfrog, 4 hell rats, 7 river rats and 5 rats.

Vanquished Creatures
  A black mamba (Lair:2)
  A spiny frog (Lair:2)
  The ghost of nano the Insei, a novice OpMo (D:5)
  3 komodo dragons
  2 blink frogs (Lair:3)
  4 hippogriffs
  A spriggan (D:7)
  3 yaks (Lair:2)
  Menkaure (D:7)
  A hungry ghost (D:7)
  2 water moccasins
  2 porcupines
  6 orc warriors
  2 black bears
  4 sky beasts
  8 ogres
  A wolf (Lair:1)
  3 crocodiles
  4 centaurs
  A big kobold (D:9)
  3 bullfrogs
  A water moccasin skeleton (D:4)
  2 scorpions
  10 killer bees
  A howler monkey (D:4)
  3 crimson imps
  2 quasits (D:8)
  4 hounds
  A jelly (D:7)
  8 orc priests
  2 bullfrog skeletons (D:4)
  2 iguanas
  A centaur skeleton (D:4)
  8 orc wizards
  5 worker ants
  A statue (D:4)
  A killer bee zombie (D:5)
  A hound zombie (D:6)
  A hound skeleton (D:9)
  A howler monkey skeleton (D:8)
  8 adders
  7 gnolls
  A shadow imp (D:9)
  2 adder skeletons
  3 worms
  2 dart slugs
  3 leopard geckos
  40 orcs
  4 bats (D:1)
  5 giant cockroaches
  7 goblins
  9 hobgoblins
  4 jackals (D:6)
  6 quokkas
  3 ball pythons
  6 frilled lizards
  13 kobolds
  A leopard gecko skeleton (D:4)
  10 rats
  3 rat zombies (D:7)
  9 plants (Lair:1)
255 creatures vanquished.

Vanquished Creatures (others)
  An adder (D:4)
  2 orcs (D:4)
  A kobold (D:9)
  A fungus (Lair:1)
  5 plants
10 creatures vanquished.

Grand Total: 265 creatures vanquished

Notes
Turn   | Place    | Note
-------+----------+-------------------------------------------
     0 | D:1      | Chimkentus the Octopode Assassin began the quest for the
                  | Orb.
     0 | D:1      | Reached XP level 1. HP: 14/14 MP: 1/1
   163 | D:1      | Reached XP level 2. HP: 18/19 MP: 2/2
   616 | D:1      | Reached skill level 6 in Stealth
   655 | D:1      | Reached XP level 3. HP: 24/25 MP: 3/3
  1275 | D:2      | Found a faded altar of an unknown god.
  1283 | D:2      | Became a worshipper of Ru the Awakened
  1304 | D:2      | Gained mutation: You are hated by all. [Ru sacrifice]
  1304 | D:2      | Reached * piety under Ru
  1395 | D:2      | Reached XP level 4. HP: 22/30 MP: 4/4
  1804 | D:2      | Noticed a moth of wrath
  1807 | D:2      | Found a bloodstained altar of Trog.
  2719 | D:3      | Found a shadowy altar of Dithmenos.
  3083 | D:3      | Reached XP level 5. HP: 36/36 MP: 5/5
  3549 | D:4      | Reached skill level 7 in Stealth
  3731 | D:4      | Found a staircase to the Ecumenical Temple.
  3737 | Temple   | Entered the Ecumenical Temple
  3983 | D:4      | Reached skill level 1 in Shields
  3983 | D:4      | Reached XP level 6. HP: 35/42 MP: 6/6
  4123 | D:4      | Reached skill level 1 in Long Blades
  4427 | D:4      | Gained mutation: You are somewhat inexperienced. (-2 XL)
                  | [Ru sacrifice]
  4427 | D:4      | Reached XP level 5. HP: 36/36 MP: 5/5
  4427 | D:4      | Reached XP level 4. HP: 31/31 MP: 4/4
  4427 | D:4      | Reached ** piety under Ru
  4427 | D:4      | Reached *** piety under Ru
  4547 | D:4      | Reached skill level 1 in Slings
  4547 | D:4      | Reached XP level 5. HP: 11/36 MP: 5/5
  4822 | D:4      | Reached XP level 6. HP: 40/43 MP: 6/6
  5077 | D:4      | Found a radiant altar of Vehumet.
  5257 | D:5      | Entered Level 5 of the Dungeon
  5332 | D:5      | Noticed nano's ghost (novice OpMo)
  5333 | D:5      | Found a runed translucent door.
  5351 | D:5      | Noticed a hippogriff
  5355 | D:5      | Killed a hippogriff
  5355 | D:5      | Reached XP level 7. HP: 48/48 MP: 7/7
  5438 | D:5      | Found a snail-covered altar of Cheibriados.
  5827 | D:5      | Reached XP level 8. HP: 39/54 MP: 8/8
  6192 | D:5      | Killed nano's ghost
  6192 | D:5      | Reached skill level 5 in Fighting
  6492 | D:6      | Reached skill level 8 in Stealth
  6507 | D:6      | Found a sacrificial altar of Ru.
  6850 | D:6      | Reached XP level 9. HP: 43/62 MP: 9/9
  7081 | D:6      | Found a shimmering blue altar of Sif Muna.
  7273 | D:6      | Reached skill level 5 in Slings
  7565 | D:7      | Noticed Menkaure
  7569 | D:7      | Killed Menkaure
  7673 | D:7      | Found an opulent altar of Gozag.
  7747 | D:7      | Gained mutation: You cannot drink potions while threatened.
                  | [Ru sacrifice]
  7747 | D:7      | Reached **** piety under Ru
  7747 | D:7      | Reached ***** piety under Ru
  8168 | D:7      | Reached skill level 5 in Shields
  8242 | D:6      | Reached skill level 9 in Stealth
  8880 | D:7      | Reached XP level 10. HP: 69/69 MP: 10/10
  9037 | D:7      | Found an ancient bone altar of Kikubaaqudgha.
  9102 | D:8      | Learned a level 4 spell: Petrify
  9265 | D:8      | Learned a level 1 spell: Apportation
  9449 | D:8      | Found a white marble altar of Elyvilon.
  9482 | D:8      | Reached skill level 1 in Transmutations
 10127 | D:9      | Found Qiatoufi's Weapon Shoppe.
 10164 | D:9      | Gained mutation: You occasionally shout uncontrollably at
                  | your foes. [Ru sacrifice]
 10194 | D:9      | Bought the +0 war axe "Oqibal" {vorpal, rElec rF+} for 366
                  | gold pieces
 10237 | D:9      | Found Porrakla's Book Shoppe.
 10279 | D:9      | Found a staircase to the Lair.
 10312 | D:9      | Reached skill level 1 in Earth Magic
 10355 | D:9      | Found Yzxederch's General Store.
 10360 | D:9      | Bought a scroll of teleportation for 48 gold pieces
 10362 | D:9      | Found Rydabli's Armour Emporium.
 10537 | D:9      | Found an iron altar of Okawaru.
 10541 | D:9      | Found a burning altar of Makhleb.
 10543 | D:9      | Found a basalt altar of Yredelemnul.
 10545 | D:9      | Found a sparkling altar of Nemelex Xobeh.
 10546 | D:9      | Found a stormy altar of Qazlal.
 10619 | D:9      | Found Fuostar's Antique Weapon Emporium.
 10684 | D:9      | Got a scorched spear
 10684 | D:9      | Identified the +5 spear of Calamity {vorpal, rElec} (You
                  | found it on level 9 of the Dungeon)
 10709 | D:9      | Found a blossoming altar of Fedhas.
 11122 | D:9      | Bought a runed hunting sling for 130 gold pieces
 11184 | Lair:1   | Entered Level 1 of the Lair of Beasts
 11198 | Lair:1   | Reached skill level 5 in Throwing
 11540 | Lair:1   | Found a transporter.
 11543 | Lair:1   | Noticed Exodag's ghost (journeyman MiBe)
 11544 | Lair:1   | Found a transporter.
 11671 | Lair:1   | Learned a level 1 spell: Infusion
 11674 | Lair:1   | Learned a level 2 spell: Shroud of Golubria
 11803 | Lair:1   | Reached skill level 1 in Polearms
 12672 | Lair:2   | Gained mutation: Your magical capacity is low. (-10% MP)
                  | [Ru sacrifice]
 12688 | Lair:2   | Noticed a spiny frog
 12701 | Lair:2   | Killed a spiny frog
 12701 | Lair:2   | Reached XP level 11. HP: 75/75 MP: 10/10
 12753 | Lair:2   | Reached skill level 10 in Stealth
 13562 | Lair:3   | Noticed Rupert
 13568 | Lair:3   | Mangled by a spiny frog

Illustrated notes

Levels and vault maps discovered:
D:1:      dpeg_arrival_oval, layout_basic
D:2:      layout_loops_ring, tgw_trog, chequers_ecumenical_altar_lobes
D:3:      layout_basic, grunt_dithmenos_smoke
D:4:      layout_basic, vehumet_statue, minmay_temple_entry_enclosed_plants,
          first_ration, chequers_serial_rivers_small_3
D:5:      minmay_chambers_of_fours, layout_basic, slow_altar_1,
          hellmonk_ghost_happy_afterlife
D:6:      layout_basic, lemuel_round_altar, nicolae_ru_the_path_less_chosen
D:7:      layout_basic, grunt_gozag_statues, lemuel_zombie_altar_kikubaaqudgha,
          the_bakery, uniq_menkaure
D:8:      layout_cave_pods, elyvilon_altar_4
D:9:      layout_irregular_city, minitemple, lair_entry_dummy, serial_shops,
          shop, kennysheep_little_box, shop, nicolae_shop_stone,
          nicolae_shop_stone, fedhas_bush_and_centaur_altar
Temple:   nicolae_temple_figure_zero
Lair:1:   layout_chaotic_city, gammafunk_ghost_arena, st_stairs_3,
          minmay_stone_trees_small, wad_woods_road_02, serial_bayou_shore_b,
          infiniplex_staircase_pool_2
Lair:2:   layout_loops_ring, chequers_serial_rivers_micro_d, lemuel_fruit_fields
Lair:3:   layout_regular_city, nicolae_spider_entry_tight_spaces,
          nicolae_volcano_entry_vermiform, kennysheep_abandoned_house,
          minmay_lair_oklob_chamber, infiniplex_staircase_pool, uniq_rupert

Skill      XL: |  1  2  3  4  5  6  7  8  9 10 11 |
---------------+----------------------------------+-----
Stealth        | 6 7 8 9 10 | 10.0
Fighting       | 3 4 5 6 7 |  7.6
Throwing       | 3 4 5 |  5.2
Shields        | 2 3 4 5 6 7 |  7.0
Long Blades    | 2 1 3 4 |  4.1
Slings         | 1 3 4 6 |  6.9
Short Blades   | 3 4 |  4.3
Dodging        | 2 3 |  3.6
Transmutations | 2 3 |  3.3
Earth Magic    | 3 |  3.5
Polearms       | 1 2 |  2.1
Axes           | |  0.9
Spellcasting   | |  0.2
Charms         | |  0.3
Translocations | |  0.2
Evocations     | |  0.8

Action                   |  1- 3 |  4- 6 |  7- 9 | 10-12 || total
-------------------------+-------+-------+-------+-------++-------
Melee: Dagger            |    49 |    40 |   180 |   130 ||   399
       Constrict         |    16 |    38 |    25 |    49 ||   128
       Tentacles         |     9 |    26 |    51 |    88 ||   174
       Long sword        |       |    91 |    36 |       ||   127
       Scimitar          |       |       |     3 |       ||     3
       Spear             |       |       |       |   193 ||   193
       War axe           |       |       |       |    29 ||    29
 Fire: Hunting sling     |     6 |    61 |    58 |    44 ||   169
Throw: Dart              |    32 |    42 |     8 |       ||    82
       Stone             |       |     5 |       |       ||     5
       Boomerang         |       |       |    20 |    92 ||   112
Invok: Sacrifice Love    |     1 |       |       |       ||     1
       Sacrifice Experie |       |     1 |       |       ||     1
       Draw Out Power    |       |       |     1 |       ||     1
       Sacrifice Drink   |       |       |     1 |       ||     1
       Power Leap        |       |       |       |     1 ||     1
       Sacrifice Purity  |       |       |       |     1 ||     1
       Sacrifice Essence |       |       |       |     1 ||     1
Evoke: Wand              |       |       |     8 |       ||     8
  Use: Scroll            |       |     6 |     6 |    10 ||    22
       Potion            |       |     1 |     1 |       ||     2
 Stab: Sleeping          |    12 |    12 |    14 |     7 ||    45
       Paralysed         |       |       |     4 |     1 ||     5
       Distracted        |       |       |     1 |     2 ||     3
       Invisible         |       |       |       |     1 ||     1
  Eat: Chunk             |     1 |    12 |    12 |    11 ||    36
       Ration            |       |       |       |     1 ||     1
Armor: Skin              |     3 |    22 |    22 |    35 ||    82
Dodge: Dodged            |    21 |    50 |    31 |    58 ||   160
Block: Kite shield       |       |    21 |    35 |       ||    56
       Tower shield      |       |       |     6 |   169 ||   175
       Rpst.: Long sword |       |     7 |     6 |       ||    13
